 Dungeon Crawl Stone Soup version 0.27.1-34-g3ba077fa99 (console) character file.

Game seed: 2271443090418633051

8260 Banquo the Cleaver (level 11, -4/83 HPs)
             Began as a Formicid Fighter on Feb 7, 2022.
             Was a High Priest of Okawaru.
             Slain by a dire elephant simulacrum (39 damage)
             ... in an ice cave.
             The game lasted 00:42:48 (10654 turns).

Banquo the Cleaver (Formicid Fighter)              Turns: 10654, Time: 00:42:48

Health: -4/83      AC: 22    Str: 25    XL:     11   Next: 52%
Magic:  12/14      EV: 11    Int:  7    God:    Okawaru [*****.]
Gold:   458        SH: 14    Dex: 10    Spells: 10/10 levels left

rFire    . . .     SeeInvis +   a - +0 war axe (vorpal)
rCold    . . .     Faith    .   i - +1 kite shield
rNeg     . . .     Spirit   .   d - +4 chain mail
rPois    .         Reflect  .   (helmet unavailable)
rElec    .         Harm     .   e - +0 cloak
rCorr    +         Rampage  .   g - +0 pair of gloves
Will     +....                  f - +1 pair of boots
Stlth    ..........             A - amulet of the acrobat
HPRegen  0.23/turn              r - ring of resist corrosion
MPRegen  0.14/turn              t - +4 ring of slaying

@: heroic
A: permanent stasis, dig shafts and tunnels, antennae 3, four strong arms
a: Dig, Renounce Religion, Heroism, Finesse


You were in an ice cave.
You worshipped Okawaru.
Okawaru was extremely pleased with you.
You visited 2 branches of the dungeon, and saw 10 of its levels.
You also visited: Ice Cave.

You collected 458 gold pieces.

Inventory:

Hand Weapons
 a - a +0 vorpal war axe (weapon)
 b - a +1 morningstar of venom
 k - a +0 broad axe
 m - a +0 spear
 u - a +0 whip of flaming
 C - a +0 battleaxe
 I - a +2 vorpal mace
Missiles
 o - 61 poisoned darts
 D - 5 boomerangs of dispersal
 F - 6 javelins
 H - 5 boomerangs
Armour
 c - a scarf of invisibility
 d - a +4 chain mail (worn)
 e - a +0 cloak (worn)
 f - a +1 pair of boots (worn)
 g - a +0 pair of gloves (worn)
 i - a +1 kite shield (worn)
 l - a +0 plate armour
Jewellery
 r - a ring of resist corrosion (left hand)
 t - a +4 ring of slaying (right hand)
 A - an amulet of the acrobat (around neck)
Wands
 p - a wand of iceblast (17)
 q - a wand of paralysis (8)
 w - a wand of flame (22)
Scrolls
 x - a scroll of brand weapon
 B - a scroll of immolation {unknown}
Potions
 h - 5 potions of curing
 n - 2 potions of haste {unknown}
 s - a potion of magic
 z - 2 potions of cancellation {unknown}
 E - 2 potions of might
Miscellaneous
 j - a box of beasts


   Skills:
 + Level 6.4(11.4) Fighting
 * Level 12.9(17.9) Axes
 + Level 7.6(12.6) Armour
 + Level 1.9(6.9) Dodging
 + Level 7.9(12.9) Shields
 * Level 5.0 Invocations


You had 10 spell levels left.
You didn't know any spells.
Your spell library contained the following spells:

 Spells                   Type           Power      Damage    Failure   Level
 Corona                   Hex            0%         N/A       90%         1
 Corpse Rot               Necr/Air       N/A        N/A       97%         2
 Ensorcelled Hibernation  Hex/Ice        0%         N/A       97%         2
 Poisonous Vapours        Pois/Air       0%         N/A       97%         2
 Slow                     Hex            0%         N/A       97%         2
 Static Discharge         Conj/Air       0%         N/A       97%         2
 Confusing Touch          Hex            0%         N/A       99%         3
 Conjure Flame            Conj/Fire      0%         6-21      99%         3
 Dazzling Flash           Conj/Hex       0%         N/A       99%         3
 Ignite Poison            Fire/Tmut/Pois 0%         N/A       99%         3
 Tukima's Dance           Hex            0%         N/A       99%         3
 Dispel Undead            Necr           0%         3d6       100%        4
 Iskenderun's Mystic Bla  Conj/Tloc      0%         2d3       100%        4
 Sticky Flame             Conj/Fire      0%         2d3       100%        4
 Freezing Cloud           Conj/Ice/Air   0%         6-21      100%        5
 Yara's Violent Unravell  Hex/Tmut       0%         3d3       100%        5
 Starburst                Conj/Fire      0%         6d3       100%        6


Dungeon Overview and Level Annotations

Branches:
Dungeon (9/15)             Temple (0/1) D:7            Lair (1/6) D:8
    Orc (0/2) D:9           IceCv (1/1)

Altars:
Ashenzari
Cheibriados
Elyvilon
Makhleb
Okawaru
Ru
Uskayaw
Vehumet
Yredelemnul

Annotations:
D:4 2 transporters, Stajl's ghost, amateur TrFi
D:8 1 runed translucent door


Innate Abilities, Weirdness & Mutations

You cannot be hasted, slowed, berserked, paralysed or teleported.
You can dig through walls and to a lower floor.
You have a pair of large antennae on your head. (SInv)
Your four strong arms can wield two-handed weapons with a shield.


Message History

a rime drake corpse; a rime drake corpse You hear the faint crackling of a melting archway.
Found a frozen archway.
There is a frozen archway here.
You start resting.
Magic restored.
You start resting.
You feel like a meek peon again.
You start resting.
HP restored.
The world spins around you as you enter the gateway.
You enter an ice cave!
Found an ice covered gate leading back out of this place.
There is an ice choked empty arch of ancient stone here.
A two-headed ogre simulacrum comes into view.
You slash the two-headed ogre simulacrum!
The two-headed ogre simulacrum is heavily damaged.
You slash the two-headed ogre simulacrum!
The two-headed ogre simulacrum vaporises!
Okawaru accepts your kill.
Training target 5.0 for Invocations reached!
Your Invocations skill increases to level 5!
You need to enable at least one skill for training.
You extend your mandibles.
You dig through the ice covered rock wall.
You dig through the ice covered rock wall.
You dig through the ice covered rock wall.
You dig through the ice covered rock wall. 2 simulacra come into view.
The dire elephant simulacrum closely misses you.
The dire elephant simulacrum trunk-slaps you.
The dire elephant simulacrum freezes you!!!
Ouch! That really hurt!
You retract your mandibles.
You gain the combat prowess of a mighty hero.
You hit the dire elephant simulacrum but do no damage.
The dire elephant simulacrum tramples you but does no damage.
The dire elephant simulacrum trunk-slaps you.
The dire elephant simulacrum freezes you!!!
You die...

##..∩..##
#.......#
#...∩...#
##.....## ##...##
#...## ##...#####
##...#.#Z#
##...#.#@#{.....#
#...######Z...###
#..## °...# ##..#
#..... ##°..
##.... ..## ##..
{ ... { #. ....
..Z..


You could see a dire elephant simulacrum.

Vanquished Creatures
  Pikel (D:4)
  A black mamba (Lair:1)
  2 komodo dragons (D:8)
  2 rime drakes (Lair:1)
  2 hornets
  6 yaks
  4 wyverns
  2 basilisks (D:8)
  A steam dragon (D:9)
  Menkaure (D:7)
  An acid dragon (D:8)
  4 water moccasins
  An orc warrior (D:9)
  4 black bears
  A sky beast (D:5)
  An ogre (D:7)
  A centaur (D:7)
  A phantom (D:5)
  Blork the orc (D:5)
  2 bullfrogs (D:6)
  4 kobold brigands
  A two-headed ogre simulacrum (IceCv)
  A scorpion (D:6)
  A gnoll sergeant (D:7)
  2 water moccasin zombies (D:5)
  15 killer bees
  4 wights (D:7)
  5 howler monkeys
  A crimson imp (D:9)
  3 centaur zombies
  A bullfrog skeleton (D:7)
  Crazy Yiuf (D:7)
  3 jellies
  An orc priest (D:7)
  2 hounds (D:4)
  A centaur skeleton (D:6)
  3 iguanas
  Natasha (thrice) (D:2)
  2 orc wizards
  A scorpion zombie (D:5)
  2 killer bee zombies
  2 hound skeletons (D:5)
  A howler monkey zombie (D:9)
  7 gnolls
  3 adders
  2 shadow imps
  2 white imps
  2 dart slugs
  29 orcs
  13 bats
  6 endoplasms
  4 giant cockroaches
  2 goblins
  6 hobgoblins
  2 jackals (D:5)
  22 kobolds
  A quokka (D:4)
  7 ball pythons
  5 frilled lizards
  A jackal skeleton (D:8)
  7 rats
220 creatures vanquished.

Vanquished Creatures (collateral kills)
  A jelly (D:6)
1 creature vanquished.

Vanquished Creatures (others)
  An ufetubus (IceCv)
  19 fungi
  A plant (Lair:1)
21 creatures vanquished.

Grand Total: 242 creatures vanquished

Notes
Turn   | Place    | Note
-------+----------+-------------------------------------------
     0 | D:1      | Banquo the Formicid Fighter began the quest for the Orb.
     0 | D:1      | Reached XP level 1. HP: 18/18 MP: 1/1
   412 | D:1      | Reached XP level 2. HP: 24/24 MP: 2/2
   946 | D:1      | Found a faded altar of an unknown god.
   954 | D:1      | Became a worshipper of Warmaster Okawaru
   954 | D:1      | Reached * piety under Okawaru
  1233 | D:2      | Reached XP level 3. HP: 26/29 MP: 3/3
  1258 | D:2      | Noticed Natasha
  1278 | D:2      | Killed Natasha
  1279 | D:2      | Reached skill level 3 in Axes
  1279 | D:2      | Reached XP level 4. HP: 24/35 MP: 4/4
  1532 | D:2      | Noticed Natasha
  1547 | D:2      | Killed Natasha
  1801 | D:2      | Noticed Natasha
  1837 | D:2      | Killed Natasha
  1838 | D:2      | Reached skill level 4 in Axes
  1838 | D:2      | Reached XP level 5. HP: 39/42 MP: 2/5
  2351 | D:3      | Found a broken altar of Ashenzari.
  2730 | D:3      | Found a snail-covered altar of Cheibriados.
  2854 | D:4      | Noticed a lemure
  2854 | D:4      | Noticed a lemure
  3066 | D:4      | Reached XP level 6. HP: 46/48 MP: 6/6
  3077 | D:4      | Noticed a black bear
  3091 | D:4      | Killed a black bear
  3091 | D:4      | Reached ** piety under Okawaru
  3092 | D:4      | Reached skill level 5 in Axes
  3324 | D:4      | Noticed Stajl's ghost (amateur TrFi)
  3326 | D:4      | Found a transporter.
  3329 | D:4      | Noticed a black bear
  3339 | D:4      | Killed a black bear
  3340 | D:4      | Reached XP level 7. HP: 42/54 MP: 7/7
  3449 | D:4      | Noticed Pikel
  3487 | D:4      | Killed Pikel
  3487 | D:4      | Reached *** piety under Okawaru
  3488 | D:4      | Reached skill level 6 in Axes
  3488 | D:4      | Reached skill level 5 in Armour
  3488 | D:4      | Reached skill level 1 in Dodging
  3488 | D:4      | Reached skill level 5 in Shields
  3488 | D:4      | Reached XP level 8. HP: 43/61 MP: 6/8
  3965 | D:4      | Found a transporter.
  4066 | D:5      | Entered Level 5 of the Dungeon
  4484 | D:5      | Noticed Blork the orc
  4707 | D:5      | Killed Blork the orc
  4708 | D:5      | Reached skill level 7 in Axes
  4913 | D:5      | Reached XP level 9. HP: 67/67 MP: 9/9
  4923 | D:5      | Reached skill level 8 in Axes
  4932 | D:5      | Reached skill level 5 in Fighting
  5501 | D:6      | Noticed a hornet
  5515 | D:6      | Killed a hornet
  5515 | D:6      | Reached **** piety under Okawaru
  5516 | D:6      | Reached skill level 9 in Axes
  6018 | D:7      | Noticed Menkaure
  6235 | D:7      | Reached skill level 10 in Axes
  6238 | D:7      | Received a gift from Okawaru
  6322 | D:7      | Found a staircase to the Ecumenical Temple.
  6352 | D:7      | Killed Menkaure
  6353 | D:7      | Reached XP level 10. HP: 20/74 MP: 8/10
  6834 | D:7      | Found a white marble altar of Elyvilon.
  7113 | D:7      | Found a runed translucent door.
  7114 | D:7      | Noticed Crazy Yiuf
  7649 | D:7      | Killed Crazy Yiuf
  7767 | D:8      | Found a runed translucent door.
  7771 | D:8      | Found a basalt altar of Yredelemnul.
  7827 | D:8      | Reached skill level 11 in Axes
  7929 | D:8      | Found a hide-covered altar of Uskayaw.
  8063 | D:8      | Noticed a komodo dragon
  8079 | D:8      | Killed a komodo dragon
  8079 | D:8      | Reached ***** piety under Okawaru
  8718 | D:8      | Noticed a komodo dragon
  8731 | D:8      | Killed a komodo dragon
  8732 | D:8      | Reached skill level 12 in Axes
  9054 | D:8      | Found a staircase to the Lair.
  9189 | D:9      | Reached XP level 11. HP: 48/81 MP: 9/11
  9378 | D:8      | Received a gift from Okawaru
  9861 | D:9      | Found a sacrificial altar of Ru.
  9912 | D:9      | Reached skill level 1 in Invocations
 10157 | D:9      | Found a staircase to the Orcish Mines.
 10381 | D:9      | Found a burning altar of Makhleb.
 10382 | D:9      | Found a radiant altar of Vehumet.
 10511 | Lair:1   | Entered Level 1 of the Lair of Beasts
 10565 | Lair:1   | Found a frozen archway.
 10609 | IceCv    | Entered an ice cave
 10631 | IceCv    | Reached skill level 5 in Invocations
 10654 | IceCv    | Slain by a dire elephant simulacrum

Illustrated notes

Levels and vault maps discovered:
D:1:      doesnt_arrival_eight_statues, layout_loops_corners,
          shapermc_ecumenical_altar_hornbeckon, due_unseen_surprise
D:2:      layout_rooms, kennysheep_generic_room_10, uniq_natasha
D:3:      layout_loops_cross, marbit_many_paths, mainiacjoe_overflow_alcove_1
D:4:      layout_loops_cross, gammafunk_ghost_arena, minmay_misc_feat_iff,
          kennysheep_boxes, uniq_pikel
D:5:      minmay_diamond_boxcup, layout_rooms, serial_aquarium,
          aquarium_bridge_square [aquarium_subvault_window,
          aquarium_subvault_bridge, aquarium_subvault_window,
          aquarium_subvault_window], aquarium_bridge_long_separate
          [aquarium_subvault_wall, aquarium_subvault_bridge,
          aquarium_subvault_window, aquarium_subvault_bridge,
          aquarium_subvault_bridge, aquarium_subvault_bridge],
          aquarium_window_corner, aquarium_window_fake,
          aquarium_window_corridor_2, aquarium_view_2e, aquarium_view_2b,
          aquarium_pool_double, uniq_blork_the_orc
D:6:      layout_rooms, st_stairs_13
D:7:      layout_layer_cave, old_standard_altar,
          minmay_temple_entry_antechambers, uniq_menkaure,
          uniq_crazy_yiuf_cottage
D:8:      layout_loops_ring, eat_drink_and_be_merry_uskayaw,
          dk_yredelemnul_ordeal, erik_lair_dragon
D:9:      minmay_angry_zag, layout_irregular_city,
          grunt_temple_overflow_lords_of_destruction,
          mainiacjoe_overflow_tiny_flanked, orc_0_dummy
Lair:1:   layout_gridlike, portal_ice_cave_rime, hellmonk_guarded_unrand_zhor
IceCv:    ice_cave_small_demon

Skill      XL: |  1  2  3  4  5  6  7  8  9 10 11 |
---------------+----------------------------------+-----
Axes           | 3 4 5 6 7 10 12 | 12.9
Shields        | 4 5 6 7 |  7.9
Fighting       | 4 5 6 |  6.4
Armour         | 4 5 6 7 |  7.6
Dodging        | 1 |  1.9
Invocations    | 5 |  5.0

Action                   |  1- 3 |  4- 6 |  7- 9 | 10-12 || total
-------------------------+-------+-------+-------+-------++-------
Melee: War axe           |    62 |   118 |   251 |   275 ||   706
Invok: Heroism           |       |     2 |     7 |    10 ||    19
 Abil: Dig               |     4 |     9 |    30 |    22 ||    65
  Use: Scroll            |     4 |     3 |     7 |       ||    14
Armor: Scale mail        |    19 |       |       |       ||    19
       Chain mail        |       |    70 |   114 |    70 ||   254
Dodge: Dodged            |    17 |    27 |    82 |    60 ||   186
Block: Kite shield       |    28 |    69 |   163 |   109 ||   369
